cohdb
Replays
Latest Replays
All Replays
Popular Replays
Top Player Replays
Match Explorer
How It Works
Community
CoH3 Stats
Reddit
Sign in to upload your games and track your stats! →
Sign in with Steam
Match 44499638
Unlisted
Match 44499638
Overview
Messages
Build Orders
End
Royal Engineer Section
Vickers Machine Gun Team
Selects Air and Sea Battlegroup
Construct Section Command Post
Infantry Section
Infantry Section
Grenade Package
Selects Supply Surplus
Construct Field Infirmary
Forward Retreat Point
Construct Platoon Command Post
Infantry Section
Construct Resource Cache
lionheart
Toasty
rmfx
Koijoy
Smeebo
0 Honour
[NOMAD] AndrewZ
Valar[M]orgHulis
0
0
Comments
sign in to comment!
No comments posted yet!